 Dungeon Crawl Stone Soup version 0.18.1-48-g4cf74bf (webtiles) character file.

60 QuiZr the Vexing (level 3, 0/33 HPs)
             Began as a Troll Arcane Marksman on Aug 30, 2016.
             Was an Initiate of Gozag.
             Slain by Anatei's ghost (8 damage)
             ... on level 4 of the Dungeon.
             The game lasted 00:21:56 (2097 turns).

QuiZr the Vexing (Troll Arcane Marksman)            Turns: 2097, Time: 00:21:57

Health: 0/33       AC:  6    Str: 19    XL:     3   Next: 82%
Magic:  2/3        EV: 10    Int: 11    God:    Gozag
Gold:   261        SH:  0    Dex: 10    Spells: 2 memorised, 1 level left

rFire  . . .     SeeInvis .     g - +0 dagger
rCold  . . .     Gourm    +     j - +1 robe (curse)
rNeg   . . .     Faith    .     (no shield)
rPois  .         Spirit   .     (helmet restricted)
rElec  .         Dismiss  .     (no cloak)
rCorr  .         Reflect  .     (gloves unavailable)
SustAt .         Harm     .     (boots unavailable)
MR     .....                    (no amulet)
Stlth  ++........               l - +2 ring of intelligence
                                e - ring of stealth

@: not resistant to hostile enchantments, unstealthy
A: unfitting armour, claws 3, fast metabolism 3, gourmand, regeneration 2,
shaggy fur 1, tough skin 2
a: Potion Petition, Call Merchant, Bribe Branch, Renounce Religion


You were on level 4 of the Dungeon.
You worshipped Gozag.
Gozag was noncommittal.
You were not hungry.

You visited 1 branch of the dungeon, and saw 4 of its levels.

You collected 276 gold pieces.
You paid 15 gold pieces to Gozag.

Inventory:

Hand Weapons
 a - a +0 shortbow
 g - a +0 dagger (weapon)
Missiles
 d - 19 arrows (quivered)
 i - 12 bolts
Armour
 b - a +0 robe
 j - a cursed +1 robe (worn)
Jewellery
 e - a ring of stealth (left claw)
 l - a +2 ring of intelligence (right claw)
Wands
 m - a wand of digging (14/24)
Scrolls
 k - 2 scrolls of identify
Potions
 h - 2 potions of haste
Books
 c - a book of Debilitation

   Spells                             Type                      Level
   a - Corona                         Hexes                        1
   b - Slow                           Hexes                        2
   c - Gell's Gravitas                Hexes/Translocation          3
   d - Inner Flame                    Hexes/Fire                   3
   e - Cause Fear                     Hexes                        4
   f - Leda's Liquefaction            Hexes/Earth                  4
Comestibles
 f - 2 bread rations


   Skills:
 + Level 1.0 Fighting
 + Level 0.2 Short Blades
 + Level 2.1 Bows
 + Level 2.0 Dodging
 + Level 0.2 Stealth
 + Level 1.0 Spellcasting
 + Level 2.2 Hexes


You had one spell level left.
You knew the following spells:

 Your Spells              Type           Power        Failure   Level  Hunger
a - Corona                Hex            #......      17%         1    ##.....
b - Slow                  Hex            #.......     24%         2    ###....


Dungeon Overview and Level Annotations

Branches:
Dungeon (4/15)
 Temple: D:4-7

Altars:
Gozag
Qazlal
Ru
Trog

Annotations:
D:4 Anatei's ghost, amateur DsFi


Innate Abilities, Weirdness & Mutations

You are too large for most types of armour.
You have claws for hands.
Your metabolism is lightning-fast.
You like to eat raw meat.
You heal very quickly.
You are covered in fur (AC +1).
You have very tough skin (AC +2).


Message History

The worm resists with some effort.
Casting: Slow
Confirm with . or Enter, or press ? or * to list all spells.
You don't have enough magic to cast that spell.
There is a stone staircase leading down here.
You climb downwards.
You hear the hiss of flowing sand.
There is an entrance to an ossuary on this level.
Hurry and find it before the portal is buried!
Anatei's ghost (amateur Demonspawn Fighter) comes into view.
Found a meat ration.
There is a stone staircase leading up here.
Found 12 gold pieces.
You see here a meat ration.
Anatei's ghost turns its malevolent gaze towards you.
Anatei's ghost hits you!
* * * LOW HITPOINT WARNING * * *
You hit Anatei's ghost but do no damage.
Anatei's ghost hits you!
You die...
Your body crumbles into a pile of gold.

.........
.........
#$......
#......#####
..........#
#.......#
#......###
#%.W<...#
##.@###.###
#.........#
#..........#
#...........#
..............#
...#..........#
#....##.####...#
#.#.. ... ####
#. ..


You could see Anatei's ghost.

Vanquished Creatures
  2 worms
  3 dart slugs
  A giant gecko (D:2)
  An orc (D:3)
  2 ball pythons
  3 giant cockroaches
  2 goblins
  9 hobgoblins
  3 jackals (D:3)
  2 quokkas
  3 bats
  A giant newt (D:3)
  3 kobolds
  9 rats
44 creatures vanquished.

Notes
Turn   | Place    | Note
--------------------------------------------------------------
     0 | D:1      | QuiZr the Troll Arcane Marksman began the quest for the Orb.
     0 | D:1      | Reached XP level 1. HP: 18/18 MP: 1/1
   214 | D:1      | Reached XP level 2. HP: 26/26 MP: 2/2
   665 | D:1      | Learned a level 2 spell: Slow
   897 | D:2      | Found an opulent altar of Gozag.
   905 | D:2      | Became a worshipper of Gozag Ym Sagoz the Greedy
  1025 | D:2      | Reached skill level 1 in Fighting
  1078 | D:2      | Reached XP level 3. HP: 33/33 MP: 3/3
  2007 | D:3      | Found a sacrificial altar of Ru.
  2007 | D:3      | Found a bloodstained altar of Trog.
  2045 | D:3      | Found a stormy altar of Qazlal.
  2090 | D:4      | Noticed Anatei's ghost (amateur DsFi)
  2097 | D:4      | Slain by Anatei's ghost

Skill      XL: |  1  2  3 |
---------------+----------+-----
Fighting       | 1 |  1.0
Bows           | 2 |  2.1
Dodging        | 2 |  2.0
Short Blades   | |  0.2
Stealth        | |  0.2
Spellcasting   | |  1.0
Hexes          | |  2.2

Action                   || total
-------------------------++-------
Melee: Dagger            ||   143
       Shortbow          ||    21
 Fire: Shortbow          ||    46
 Cast: Slow              ||     1
Invok: Potion Petition   ||     1
Evoke: Wand              ||     1
  Use: Potion            ||     3
       Scroll            ||     8
 Stab: Sleeping          ||     3
  Eat: Fruit             ||     3
       Bread ration      ||     3
       Pizza             ||     1
Armor: Robe              ||    66
Dodge: Dodged            ||    89
